 Dungeon Crawl Stone Soup version 0.23-a0-643-g9ccc95a (webtiles) character file.

26 Lanoc the Sneak (level 2, -5/22 HPs)
             Began as a Vampire Assassin on Dec 31, 2018.
             Slain by Natasha (10 damage)
             ... on level 2 of the Dungeon.
             The game lasted 00:01:51 (558 turns).

Lanoc the Sneak (Vampire Assassin)                   Turns: 558, Time: 00:01:53

Health: -5/22      AC:  3    Str: 13    XL:     2   Next: 89%
Magic:  2/2        EV: 12    Int: 13    God:
Gold:   37         SH:  0    Dex: 20    Spells: 1/1 levels left

rFire    . . .     SeeInvis +   a - +2 dagger
rCold    . . .     Gourm    .   (no shield)
rNeg     + . .     Faith    .   c - +0 robe
rPois    .         Spirit   .   (no helmet)
rElec    .         Reflect  .   d - +0 cloak
rCorr    .         Harm     .   (no gloves)
MR       .....                  (no boots)
Stlth    ++++......             (no amulet)
HPRegen  0.07/turn              h - +3 ring of strength
MPRegen  0.08/turn              i - +5 ring of dexterity

@: slowed, very slow
A: fangs 3, see invisible, unbreathing
a: no special abilities


You were on level 2 of the Dungeon.
You were not thirsty.

You visited 1 branch of the dungeon, and saw 2 of its levels.

You collected 37 gold pieces.

Inventory:

Hand Weapons
 a - a +2 dagger (weapon)
 b - a +0 blowgun
Missiles
 e - 19 poisoned needles
 f - 2 curare-tipped needles
Armour
 c - a +0 robe (worn)
 d - a +0 cloak (worn)
Jewellery
 h - a +3 ring of strength (left hand)
 i - a +5 ring of dexterity (right hand)
 j - an uncursed ring of protection from cold
Scrolls
 k - a scroll of random uselessness {unknown}
 l - a scroll of amnesia {unknown}
 n - a scroll of magic mapping {unknown}
 o - a scroll of identify {unknown}
Potions
 g - a potion of blood
 m - a potion of brilliance {unknown}


   Skills:
 + Level 2.0 Fighting
 * Level 2.7 Short Blades
 + Level 1.8 Throwing
 + Level 1.5 Dodging
 * Level 6.3 Stealth


You had one spell level left.
You didn't know any spells.
Your spell library was empty.

Dungeon Overview and Level Annotations

Branches:
Dungeon (2/15)

Altars:

Annotations:
D:2 Natasha


Innate Abilities, Weirdness & Mutations

You have razor-sharp teeth.
You have supernaturally acute eyesight. (SInv)
You can survive without breathing.


Message History

Natasha is heavily wounded.
Natasha misses you. The giant cockroach bites you.
You closely miss Natasha.
Natasha is heavily wounded.
The crimson imp misses you. Natasha claws you! The giant cockroach bites you.
You closely miss Natasha. You bite Natasha, but do no damage.
Natasha is heavily wounded.
The crimson imp grins evilly.
The crimson imp barely misses you.
Natasha howls an incantation.
Natasha shimmers violently.
Natasha stares at you and mumbles some strange words.
You feel yourself slow down. The giant cockroach misses you.
You hit Natasha.
Natasha is severely wounded.
The giant cockroach bites you but does no damage.
The crimson imp hits you.
* * * LOW HITPOINT WARNING * * *
Natasha claws you!
You die...

#.# #...)..# #.#
#......#.#
#####.###......#.#
......)..(..>..#.#
#...#####......#.#
###†.## #......#.# #...#
#......#.######.
#.#.###......#h#......
#.#..##.######@..####
#.##.........s5.......
###.###...#####..#######
.......<..####..##
...#####....##..# #..##
##.##.....#
#...###.........#
..#..........##.#
........#....##.#


You could see Natasha, a crimson imp and a giant cockroach.

Vanquished Creatures
  An ooze (D:2)
  2 bats
  3 giant cockroaches
  2 goblins (D:1)
  4 hobgoblins
  2 kobolds
  2 frilled lizards (D:1)
  3 rats
19 creatures vanquished.

Notes
Turn   | Place    | Note
-------+----------+-------------------------------------------
     0 | D:1      | Lanoc the Vampire Assassin began the quest for the Orb.
     0 | D:1      | Reached XP level 1. HP: 16/16 MP: 1/1
   229 | D:1      | Reached skill level 6 in Stealth
   256 | D:1      | Reached XP level 2. HP: 20/22 MP: 2/2
   460 | D:2      | Noticed Natasha
   555 | D:2      | Noticed a crimson imp
   558 | D:2      | Slain by Natasha

Vault maps used:
D:1:      lemuel_arrival_funnel
D:2:      minmay_angry_zag, minmay_snake_closets, uniq_crazy_yiuf_cottage,
          uniq_natasha

Skill      XL: |  1  2 |
---------------+-------+-----
Stealth        | 6 |  6.3
Fighting       | 2 |  2.0
Short Blades   | |  2.7
Throwing       | |  1.8
Dodging        | |  1.5

Action                   || total
-------------------------++-------
Melee: Dagger            ||    35
       Bite              ||     4
  Use: Scroll            ||     1
 Stab: Sleeping          ||    10
Armor: Robe              ||     7
Dodge: Dodged            ||    13

Table legend:
 A = Non-vault XP
 B = Vault XP
 C = Vault XP percentage of total XP
 D = Non-vault monster count
 E = Vault monster count
 F = Vault count percentage of total count
                 A         B        C        D         E       F
            +---------+---------+-------+---------+---------+-------
      Total |      38 |       0 |   0.0 |      19 |       0 |   0.0
            +---------+---------+-------+---------+---------+-------
        D:1 |      22 |       0 |   0.0 |      13 |       0 |   0.0
        D:2 |      16 |       0 |   0.0 |       6 |       0 |   0.0
            +---------+---------+-------+---------+---------+-------
